 Dungeon Crawl Stone Soup version 0.23-a0-673-g3803c42f16 (webtiles) character file.

4099 Adamkad1 the Grappler (level 10, -4/102 HPs)
             Began as a Troll Monk on Jan 9, 2019.
             Slain by an unseen horror (8 damage)
             ... on level 8 of the Dungeon.
             The game lasted 00:07:34 (5510 turns).

Adamkad1 the Grappler (Troll Monk)                  Turns: 5510, Time: 00:07:35

Health: -4/102     AC:  6    Str: 25 (26) XL:     10   Next: 6%
Magic:  9/9        EV: 13    Int:  4 (6)  God:
Gold:   445        SH:  0    Dex: 11 (15) Spells: 9/9 levels left

rFire    + . .     SeeInvis .     - Unarmed
rCold    + . .     Gourm    +   (no shield)
rNeg     . . .     Faith    .   a - +0 robe
rPois    +         Spirit   .   (helmet restricted)
rElec    +         Reflect  .   c - +0 cloak
rCorr    +         Harm     .   (gloves unavailable)
MR       .....                  (boots unavailable)
Stlth    +.........             (no amulet)
HPRegen  0.67/turn              (no ring)
MPRegen  0.11/turn              (no ring)

@: mighty, resistant
A: large, unfitting armour, claws 3, fast metabolism 3, gourmand, regeneration
1, shaggy fur 1, tough skin 2
a: no special abilities


You were on level 8 of the Dungeon.
You were completely stuffed.

You visited 2 branches of the dungeon, and saw 9 of its levels.

You collected 445 gold pieces.

Inventory:

Armour
 a - a +0 robe (worn)
 c - a +0 cloak (worn)
 h - a cursed +0 robe
Jewellery
 i - an uncursed ring of flight
 j - an uncursed amulet of rage {unknown}
 r - an uncursed ring of stealth {unknown}
Scrolls
 e - 4 scrolls of amnesia {unknown}
 g - 6 scrolls of identify
 k - 7 scrolls of remove curse
 m - 2 scrolls of magic mapping {unknown}
 n - 5 scrolls of enchant armour {unknown}
 o - a scroll of fear {unknown}
 q - 4 scrolls of teleportation {unknown}
Potions
 d - a potion of ambrosia
 l - a potion of lignification
 p - a potion of degeneration
 s - a potion of agility
 u - a potion of curing {unknown}
 v - a potion of flight {unknown}
Comestibles
 b - 14 rations
 w - 2 chunks of flesh


   Skills:
 * Level 7.5 Fighting
 * Level 7.5 Dodging
 - Level 1.0 Stealth
 * Level 9.0 Unarmed Combat


You had 9 spell levels left.
You didn't know any spells.
Your spell library contained the following spells:

 Spells                   Type           Power        Failure   Level  Hunger
 Sting                    Conj/Pois      #...         50%         1    ##.....
 Poisonous Vapours        Pois/Air       #.....       65%         2    ###....
 Mephitic Cloud           Conj/Pois/Air  #.......     86%         3    ####...
 Olgreb's Toxic Radiance  Pois           #.......     99%         4    #####..
 Venom Bolt               Conj/Pois      #.........   100%        5    ######.


Dungeon Overview and Level Annotations

Branches:
Dungeon (8/15)             Temple (1/1) D:7            Lair (0/6) D:8

Altars:
Ashenzari
Cheibriados
Dithmenos
Elyvilon
Fedhas
Gozag
Hepliaklqana
Kikubaaqudgha
Makhleb
Nemelex Xobeh
Okawaru
Qazlal
Ru
Sif Muna
Trog
Uskayaw
Vehumet
Wu Jian
Xom
Yredelemnul
Zin
The Shining One

Annotations:
D:7 exclusion: statue


Innate Abilities, Weirdness & Mutations

You are too large for most types of armour.
You have claws for hands.
Your metabolism is lightning-fast.
You like to eat raw meat.
Your natural rate of healing is unusually fast.
You are covered in fur. (AC +1)
You have very tough skin. (AC +2)


Message History

You miss something. Something barely misses you. x2
You completely miss something. Something hits you!
* * * LOW HITPOINT WARNING * * *
Something hits you but does no damage.
It was a potion of degeneration.
There was something very wrong with that liquid.
You feel weakened.
You feel dopey.
You feel clumsy. Something hits you!
* * * LOW HITPOINT WARNING * * *
It was a potion of resistance.
You feel protected.
You feel less invigorated.
You feel less confused. Something hits you.
* * * LOW HITPOINT WARNING * * *
Something hits you but does no damage.
It was a potion of might.
You feel very mighty all of a sudden. Something hits you!
You die...

#.#.# #. #. #.#.# #. #.
#.#.# #.# #. #.#.# #.#
##.
#####.#.######.#######..
#...........##..........
#.###.#.####.....#####..
#.#.# #.....# ####.
#.#@####.....###....
#.#.#............###
#.#..............###
#.#......._.........
#/##.............###
##............#
####.....###.# #.....#
.# #.....# #


There were no monsters in sight!

Vanquished Creatures
  A hippogriff (D:7)
  Sigmund (D:2)
  Grum (D:8)
  2 yaks (D:8)
  Menkaure (D:5)
  2 porcupines (D:8)
  2 orc warriors (D:6)
  2 ice beasts
  2 ogres (D:8)
  4 wolves
  2 centaurs (D:7)
  2 crocodiles (D:8)
  4 bullfrogs
  5 scorpions
  A water moccasin skeleton (D:6)
  A howler monkey (D:8)
  3 bullfrog zombies
  2 crimson imps
  A quasit (D:8)
  4 hounds
  2 jellies
  2 centaur skeletons
  6 orc priests
  A bullfrog skeleton (D:6)
  3 iguanas
  An orc wizard (D:3)
  Natasha (thrice) (D:2)
  Terence (D:2)
  4 worker ants
  A hound zombie (D:5)
  A howler monkey zombie (D:6)
  2 worker ant zombies (D:5)
  Robin (D:4)
  6 gnolls
  6 adders
  A shadow imp (D:7)
  2 oozes
  An adder skeleton (D:4)
  4 worms
  6 leopard geckos
  20 orcs
  A ball python (D:3)
  4 giant cockroaches
  13 goblins
  7 hobgoblins
  7 jackals
  4 kobolds (D:3)
  3 quokkas
  4 bats
  4 frilled lizards
  A jackal skeleton (D:5)
  A jackal zombie (D:8)
  A leopard gecko skeleton (D:5)
  6 rats
173 creatures vanquished.

Vanquished Creatures (others)
  33 fungi (D:8)
  16 plants (D:8)
49 creatures vanquished.

Grand Total: 222 creatures vanquished

Notes
Turn   | Place    | Note
-------+----------+-------------------------------------------
     0 | D:1      | Adamkad1 the Troll Monk began the quest for the Orb.
     0 | D:1      | Reached XP level 1. HP: 22/22 MP: 0/0
   226 | D:1      | Reached XP level 2. HP: 27/29 MP: 1/1
   543 | D:2      | Noticed Natasha
   548 | D:2      | Noticed a crimson imp
   548 | D:2      | Killed Natasha
   548 | D:2      | Reached XP level 3. HP: 31/36 MP: 2/2
   581 | D:2      | Noticed Natasha
   594 | D:2      | Killed Natasha
   594 | D:2      | Reached XP level 4. HP: 27/45 MP: 3/3
   629 | D:2      | Noticed Terence
   660 | D:2      | Killed Terence
   772 | D:2      | Reached skill level 4 in Unarmed Combat
   965 | D:2      | Reached XP level 5. HP: 45/53 MP: 4/4
   970 | D:2      | Noticed Natasha
   980 | D:2      | Killed Natasha
  1133 | D:2      | Noticed Sigmund
  1143 | D:2      | Killed Sigmund
  1143 | D:2      | Reached XP level 6. HP: 50/62 MP: 5/5
  1511 | D:3      | Reached skill level 5 in Unarmed Combat
  1531 | D:3      | Found a hazy altar of Hepliaklqana.
  1837 | D:3      | Reached XP level 7. HP: 17/70 MP: 6/6
  2085 | D:4      | Noticed Robin
  2283 | D:4      | Killed Robin
  2559 | D:5      | Entered Level 5 of the Dungeon
  2625 | D:5      | Noticed Menkaure
  2631 | D:5      | Killed Menkaure
  2794 | D:5      | Reached skill level 5 in Fighting
  2794 | D:5      | Reached skill level 6 in Unarmed Combat
  2836 | D:5      | Reached skill level 5 in Dodging
  2843 | D:5      | Reached XP level 8. HP: 67/80 MP: 7/7
  2924 | D:5      | Found an opulent altar of Gozag.
  3683 | D:6      | Reached skill level 7 in Unarmed Combat
  3801 | D:7      | Found a shadowy altar of Dithmenos.
  3810 | D:7      | Found a radiant altar of Vehumet.
  3843 | D:7      | Reached XP level 9. HP: 64/89 MP: 8/8
  3921 | D:7      | Found a staircase to the Ecumenical Temple.
  3973 | Temple   | Entered the Ecumenical Temple
  4603 | D:8      | Noticed Grum
  4804 | D:8      | Killed Grum
  4804 | D:8      | Reached skill level 8 in Unarmed Combat
  5238 | D:8      | Reached XP level 10. HP: 88/102 MP: 9/9
  5380 | D:8      | Found a staircase to the Lair.
  5409 | D:8      | Reached skill level 9 in Unarmed Combat
  5461 | D:8      | Found a snail-covered altar of Cheibriados.
  5508 | D:8      | HP: 4/102 [something (10)]
  5510 | D:8      | Slain by an unseen horror

Vault maps used:
D:1:      dpeg_arrival_another_circle
D:2:      uniq_terence, uniq_natasha, uniq_sigmund
D:3:      lemuel_doored_altar
D:4:      uniq_robin
D:5:      grunt_gozag_statues, first_ration, uniq_menkaure
D:7:      vehumet_statue, minmay_temple_entry_glass, grunt_dithmenos_smoke
D:8:      slow_altar_1, due_lair_maze_entry_diamond, grunt_ogre_cave,
          minmay_misc_feat_columns, kennysheep_generic_room_9, uniq_grum
Temple:   hc_temple_tempest_star

Skill      XL: |  1  2  3  4  5  6  7  8  9 10 |
---------------+-------------------------------+-----
Fighting       | 3 4 5 6 7 |  7.5
Dodging        | 3 4 5 6 7 |  7.5
Unarmed Combat | 4 5 6 7 8 9 |  9.0
Stealth        | |  1.0

Action                   |  1- 3 |  4- 6 |  7- 9 | 10-12 || total
-------------------------+-------+-------+-------+-------++-------
Melee: Unarmed           |    53 |   113 |   361 |    26 ||   553
       Punch             |       |     2 |    19 |     2 ||    23
  Use: Scroll            |       |     3 |       |       ||     3
       Potion            |       |     3 |       |     4 ||     7
 Stab: Sleeping          |     3 |     4 |     2 |       ||     9
  Eat: Chunk             |     7 |    15 |    31 |     3 ||    56
Armor: Robe              |    12 |    25 |    91 |    10 ||   138
       Skin              |       |     9 |     8 |       ||    17
Dodge: Dodged            |    20 |    67 |   265 |    10 ||   362

Table legend:
 A = Non-vault XP
 B = Vault XP
 C = Vault XP percentage of total XP
 D = Non-vault monster count
 E = Vault monster count
 F = Vault count percentage of total count
                 A         B        C        D         E       F
            +---------+---------+-------+---------+---------+-------
      Total |    3492 |    2365 |  40.4 |     143 |      30 |  17.3
            +---------+---------+-------+---------+---------+-------
        D:1 |      26 |       0 |   0.0 |      11 |       0 |   0.0
        D:2 |     167 |     292 |  63.6 |      18 |       3 |  14.3
        D:3 |     387 |      12 |   3.0 |      29 |       6 |  17.1
        D:4 |     123 |      23 |  15.8 |       5 |       5 |  50.0
        D:5 |     600 |     169 |  22.0 |      26 |       1 |   3.7
        D:6 |     905 |       0 |   0.0 |      19 |       0 |   0.0
        D:7 |     849 |     116 |  12.0 |      15 |       1 |   6.2
        D:8 |     435 |    1753 |  80.1 |      20 |      14 |  41.2
            +---------+---------+-------+---------+---------+-------
